 Dungeon Crawl Stone Soup version 0.28-a0-612-gcfc00ec14d (webtiles) character file.

Game seed: 220341340487958593

26189 Armakuni the Destroyer (level 13, -12/151 HPs)
             Began as a Human Conjurer on Oct 5, 2021.
             Was an Initiate of Gozag.
             Mangled by a death yak (17 damage)
             ... on level 4 of the Lair of Beasts.
             The game lasted 00:50:15 (16469 turns).

Armakuni the Destroyer (Human Conjurer)            Turns: 16469, Time: 00:50:16

Health: -12/151    AC: 26    Str: 12    XL:     13   Next: 56%
Magic:  11/27      EV:  2    Int: 19    God:    Gozag
Gold:   710        SH:  0    Dex: 12    Spells: 20/32 levels left

rFire   . . .      SeeInvis .   a - staff of conjuration
rCold   . . .      Faith    .   (no shield)
rNeg    . . .      Spirit   .   (armour currently unavailable)
rPois   +          Reflect  .   (helmet currently unavailable)
rElec   .          Harm     .   (cloak currently unavailable)
rCorr   .          Rampage  .   (gloves currently unavailable)
Will    .....      NoTele   +   (boots currently unavailable)
Stlth   +.........              M - amulet of magic regeneration
HPRegen 0.35/turn               E - +4 ring of evasion
MPRegen 0.45/turn               D - +4 ring of evasion

@: confused, tree-form (expiring), ambrosia-drunk, gold aura
A: stationary, stasis, torment immunity, boosted hp
a: Renounce Religion, Potion Petition, Call Merchant, Bribe Branch


You were on level 4 of the Lair of Beasts.
You worshipped Gozag.
Gozag was pleased with you.
You were a tree.
You visited 2 branches of the dungeon, and saw 12 of its levels.

You collected 3384 gold pieces.
You spent 1488 gold pieces at shops.
You paid 1186 gold pieces to Gozag.

Inventory:

Hand Weapons
 b - a +0 hunting sling
Missiles
 p - a throwing net
Armour
 c - a +2 pair of gloves (melded)
 h - a +0 pair of boots (melded)
 m - the +5 robe of Night (melded) {Dark Will+ SInv}
   (You bought it in a shop on level 7 of the Dungeon)

   It shrouds the wearer in darkness, reducing the range at which they can see
   and be seen by others.
   SInv:      It lets you see invisible.
   Will:      It increases your willpower.
 n - the +2 ratskin cloak (melded) {*Rats rPois rN+ Str-1 Int-1 Dex+1}
   (You bought it in a shop on level 1 of the Lair of Beasts)

   When the wearer is hurt, rats may emerge from it to assist them.
   Str:       It affects your strength (-1).
   Int:       It affects your intelligence (-1).
   Dex:       It affects your dexterity (+1).
   rPois:     It protects you from poison.
   rN:        It protects you from negative energy.
 t - a +1 hat (melded)
Magical Staves
 a - a staff of conjuration (weapon)
Jewellery
 u - a ring of fire
 D - a +4 ring of evasion (right branch)
 E - a +4 ring of evasion (left branch)
 M - an amulet of magic regeneration (around neck)
 R - an amulet of regeneration
Wands
 v - a wand of flame (8)
Scrolls
 d - 3 scrolls of teleportation
 g - a scroll of fear
 j - 5 scrolls of enchant armour
 k - a scroll of silence
 s - 2 scrolls of enchant weapon
 w - a scroll of identify
 y - 2 scrolls of fog
Potions
 e - 3 potions of ambrosia
 f - a potion of lignification
 l - a potion of mutation {unknown}
 q - a potion of brilliance


   Skills:
 + Level 9.5 Fighting
 + Level 9.6 Staves
 - Level 2.0 Dodging
 - Level 2.0 Stealth
 - Level 10.0 Spellcasting
 - Level 10.0 Conjurations
 - Level 5.0 Earth Magic
 - Level 2.0 Poison Magic
 + Level 9.6 Evocations


You had 20 spell levels left.
You knew the following spells:

 Your Spells              Type           Power      Damage    Failure   Level
a - Apportation           Tloc           18%        N/A       8%          1
b - Magic Dart            Conj           100%       1d8       1%          1
c - Searing Ray           Conj           100%       2d8       1%          2
m - Iskenderun's Mystic   Conj/Tloc      42%        2d10      10%         4
s - Sting                 Tmut/Pois      52%        1d5       4%          1
z - Stone Arrow           Conj/Erth      100%       3d13      1%          3

Your spell library contained the following spells:

 Spells                   Type           Power      Damage    Failure   Level
 Sandblast                Erth           56%        2d13      1%          1
 Dazzling Flash           Conj/Hex       84%        N/A       2%          3
 Passwall                 Tmut/Erth      15%        N/A       4%          2
 Animate Skeleton         Necr           18%        N/A       8%          1
 Summon Small Mammal      Summ           36%        N/A       8%          1
 Poisonous Vapours        Pois/Air       26%        N/A       8%          2
 Fulminant Prism          Conj/Hex       21%        3d13      10%         4
 Ensorcelled Hibernation  Hex/Ice        18%        N/A       11%         2
 Slow                     Hex            9%         N/A       11%         2
 Spider Form              Tmut/Pois      6%         N/A       14%         3
 Confusing Touch          Hex            9%         N/A       22%         3
 Gell's Gravitas          Tloc           4%         N/A       22%         3
 Lesser Beckoning         Tloc           9%         N/A       22%         3
 Teleport Other           Tloc           9%         N/A       22%         3
 Vampiric Draining        Necr           4%         2d6       22%         3
 Olgreb's Toxic Radiance  Pois           17%        N/A       32%         4


Dungeon Overview and Level Annotations

Branches:
Dungeon (8/15)             Temple (0/1) D:6            Lair (4/6) D:8
 Shoals (0/4) Lair:2       Spider (0/4) Lair:2

Altars:
Elyvilon
Gozag
Nemelex Xobeh
Okawaru
Qazlal
Ru
Trog
Wu Jian
Yredelemnul
The Shining One

Shops:
D:7 :[   Lair:1 [

Annotations:
Lair:1 1 runed translucent door, whitenoisemaker's ghost, journeyman HuFE


Message History

* * * LOW HITPOINT WARNING * * *
The death yak gores you.
* * * LOW HITPOINT WARNING * * *
Okay, then.
Casting: Iskenderun's Mystic Blast (mildly dangerous; 10% risk of failure)
Confirm with . or Enter, or press ? or * to list all spells.
You feel a surge of power!
You erupt in a blast of force!
The mystic blast hits the death yak.
Flame seeps out of the death yak.
The death yak is lightly wounded.
The death yak is knocked back by the mystic blast.
The mystic blast hits the death yak but does no damage.
The mystic blast hits the death yak!
Flame seeps out of the death yak.
The death yak is moderately wounded.
The death yak is knocked back by the mystic blast.
You are engulfed in blazing flames.
* * * LOW HITPOINT WARNING * * *
Your transformation is almost over.
You hear a trumpeting!
Casting: Iskenderun's Mystic Blast (mildly dangerous; 10% risk of failure)
Confirm with . or Enter, or press ? or * to list all spells.
You don't have enough magic to cast this spell.
You are confused.
You feel invigorated.
You are engulfed in blazing flames.
* * * LOW HITPOINT WARNING * * *
The death yak is engulfed in blazing flames.
Flame seeps out of the death yak.
The death yak gores you!
* * * LOW HITPOINT WARNING * * *
The death yak is engulfed in blazing flames.
Flame seeps out of the death yak.
Okay, then.
You are too confused!
Okay, then.
You are too confused!
It was a potion of flight.
Your roots keep you in place.
You are engulfed in blazing flames.
* * * LOW HITPOINT WARNING * * *
The death yak is engulfed in blazing flames.
Flame seeps out of the death yak.
The death yak gores you!
You die...
Your body crumbles into a pile of gold.

........Y.YY...##>........#####
.P.........$...#..........P#
.......Y.$....#...#........###
.......♣♣.........#P.........##
......♣♣♣........#............
P...Y.♣(♣♣......###..)<......## #
..≈≈PY..♣♣...YY## #P..........###
.≈≈≈...♣♣...[YYY#####............
.≈≈≈≈..♣♣...Y.##♣# #............
.≈≈≈≈.........#### #............
..≈≈≈.......### #............
..≈≈.P.......# ###.....#.....#
......P......######..F.#.#......#
P.............#..##....###.....##
....♣.................## #.....##
..♣.♣.....##.......#######......#
..♣♣♣♣...##........## #.........#


You could see 4 death yaks and a yak.

Vanquished Creatures
  Gastronok (Lair:2)
  Harold (Lair:2)
  A catoblepas (Lair:4)
  4 hydras
  2 death yaks (Lair:4)
  Nergalle (Lair:1)
  2 black mambas
  5 elephants
  3 cane toads
  5 komodo dragons
  2 rime drakes
  A polar bear (Lair:2)
  A troll (D:7)
  13 blink frogs
  29 yaks
  A wraith (D:7)
  A wyvern (D:8)
  3 steam dragons
  An acid dragon (D:5)
  9 water moccasins
  2 orc warriors
  4 black bears
  An ice beast (D:6)
  3 sky beasts (D:8)
  4 ogres
  9 wolves (Lair:1)
  A necrophage (D:6)
  3 centaurs
  A phantom (D:5)
  A kobold brigand (D:7)
  A wyvern zombie (D:6)
  5 bullfrogs
  2 scorpions (Lair:2)
  8 wights
  4 electric eels
  A howler monkey (D:7)
  A vampire bat (Lair:3)
  A jelly (D:3)
  A bullfrog zombie (D:6)
  6 orc priests
  7 hounds
  2 iguanas (D:4)
  7 orc wizards
  2 killer bee zombies
  A hound skeleton (D:5)
  A howler monkey zombie (D:7)
  A howler monkey skeleton (D:7)
  6 adders
  6 gnolls
  A shadow imp (D:6)
  An ufetubus (D:7)
  5 worms
  3 dart slugs
  17 orcs
  9 endoplasms
  3 giant cockroaches
  6 goblins
  8 hobgoblins
  6 jackals
  2 quokkas
  7 ball pythons
  12 bats
  A frilled lizard (D:3)
  19 kobolds
  4 rats
282 creatures vanquished.

Vanquished Creatures (collateral kills)
  4 elephants (Lair:2)
4 creatures vanquished.

Vanquished Creatures (others)
  2 yaks (Lair:4)
  22 fungi
  68 plants
92 creatures vanquished.

Grand Total: 378 creatures vanquished

Notes
Turn   | Place    | Note
-------+----------+-------------------------------------------
     0 | D:1      | Armakuni the Human Conjurer began the quest for the Orb.
     0 | D:1      | Reached XP level 1. HP: 13/13 MP: 3/3
   291 | D:1      | Reached XP level 2. HP: 19/19 MP: 0/5
   360 | D:1      | Learned a level 2 spell: Searing Ray
   654 | D:1      | Reached XP level 3. HP: 21/24 MP: 1/6
  1891 | D:2      | Reached XP level 4. HP: 30/30 MP: 3/8
  1968 | D:2      | Found a faded altar of an unknown god.
  1976 | D:2      | Learned a level 1 spell: Sting
  2001 | D:2      | Reached skill level 1 in Poison Magic
  2177 | D:2      | Got Plato's Collected Works on Displacement
  2539 | D:3      | Reached skill level 5 in Conjurations
  2539 | D:3      | Reached XP level 5. HP: 35/35 MP: 4/9
  3175 | D:3      | Found an opulent altar of Gozag.
  3180 | D:3      | Became a worshipper of Gozag Ym Sagoz the Greedy
  3228 | D:3      | You fall into a shaft and drop 3 floors!
  3230 | D:6      | Noticed an ogre
  3233 | D:6      | Noticed an ice beast
  3312 | D:5      | Entered Level 5 of the Dungeon
  3394 | D:4      | Reached XP level 6. HP: 37/41 MP: 3/12
  3971 | D:4      | Reached skill level 5 in Spellcasting
  4160 | D:4      | Found a glowing golden altar of the Shining One.
  4160 | D:4      | Found a basalt altar of Yredelemnul.
  4162 | D:4      | Found a bloodstained altar of Trog.
  4173 | D:4      | Found a sparkling altar of Nemelex Xobeh.
  4173 | D:4      | Found an ornate altar of the Wu Jian Council.
  4448 | D:4      | Reached XP level 7. HP: 46/46 MP: 8/14
  5277 | D:4      | Found a sacrificial altar of Ru.
  5314 | D:4      | Found an iron altar of Okawaru.
  5415 | D:4      | Learned a level 4 spell: Iskenderun's Mystic Blast
  5417 | D:4      | Learned a level 1 spell: Apportation
  5713 | D:5      | Reached XP level 8. HP: 52/52 MP: 7/15
  5868 | D:5      | Reached skill level 5 in Evocations
  5868 | D:5      | Reached skill level 1 in Fighting
  5868 | D:5      | Reached skill level 1 in Staves
  6262 | D:6      | Found a staircase to the Ecumenical Temple.
  6483 | D:6      | Reached XP level 9. HP: 65/65 MP: 10/16
  6931 | D:7      | Reached skill level 5 in Fighting
  6931 | D:7      | Reached skill level 5 in Staves
  7546 | D:7      | Found Owneit's Book Shoppe.
  8590 | D:8      | Noticed a troll
  8593 | D:8      | Noticed a five-headed hydra
  8624 | D:7      | Killed a troll
  8839 | D:8      | Reached XP level 10. HP: 61/74 MP: 8/17
  8935 | D:8      | Found a staircase to the Lair.
  8935 | D:8      | Noticed an elephant
  8963 | D:8      | Killed an elephant
  9098 | D:8      | Reached skill level 10 in Conjurations
  9887 | D:8      | Killed a five-headed hydra
 10436 | D:8      | Found a white marble altar of Elyvilon.
 10453 | D:8      | Found a stormy altar of Qazlal.
 10742 | Lair:1   | Entered Level 1 of the Lair of Beasts
 11088 | D:7      | Bought the +5 robe of Night {Dark Will+ SInv} for 960 gold
                  | pieces
 11088 | D:7      | Found the +5 robe of Night {Dark Will+ SInv}
 11106 | D:7      | Learned a level 3 spell: Stone Arrow
 11177 | Lair:1   | Noticed a cane toad
 11180 | Lair:1   | Killed a cane toad
 11181 | Lair:1   | Reached XP level 11. HP: 79/79 MP: 14/23
 11356 | Lair:1   | Noticed a four-headed hydra
 11362 | Lair:1   | Killed a four-headed hydra
 11363 | Lair:1   | Reached skill level 10 in Spellcasting
 11659 | Lair:1   | Reached skill level 1 in Earth Magic
 11686 | Lair:1   | Found a runed translucent door.
 11687 | Lair:1   | Noticed whitenoisemaker's ghost (journeyman HuFE)
 12405 | Lair:2   | Noticed a six-headed hydra
 12410 | Lair:2   | Killed a six-headed hydra
 12439 | Lair:2   | Noticed an elephant
 12442 | Lair:2   | Noticed an elephant
 12464 | Lair:2   | Killed an elephant
 12465 | Lair:2   | Killed an elephant
 12466 | Lair:2   | Noticed an elephant
 12606 | Lair:2   | Found a hole to the Spider Nest.
 12655 | Lair:2   | Killed an elephant
 12769 | Lair:2   | Identified the +5 trident "Xeguz" {pain, rF+ rN+ Dex+4}
 12821 | Lair:2   | Noticed an elephant
 12826 | Lair:2   | Killed an elephant
 12827 | Lair:2   | Reached XP level 12. HP: 89/89 MP: 20/26
 12906 | Lair:2   | Identified a scroll of acquirement
 12906 | Lair:2   | Acquired 328 gold pieces
 12917 | Lair:2   | Noticed Gastronok
 12923 | Lair:2   | Killed Gastronok
 12982 | Lair:2   | Noticed Nergalle
 13442 | Lair:1   | Killed Nergalle
 13498 | Lair:2   | Noticed Harold
 13512 | Lair:2   | Killed Harold
 14227 | Lair:2   | Found a staircase to the Shoals.
 14449 | Lair:1   | Bought the +2 ratskin cloak {*Rats rPois rN+ Str-1 Int-1
                  | Dex+1} for 528 gold pieces
 14449 | Lair:1   | Found the +2 ratskin cloak {*Rats rPois rN+ Str-1 Int-1
                  | Dex+1}
 14842 | Lair:3   | Reached XP level 13. HP: 98/99 MP: 16/27
 15658 | Lair:4   | Noticed a catoblepas
 15863 | Lair:4   | Noticed an eight-headed hydra
 15871 | Lair:4   | Killed an eight-headed hydra
 16143 | Lair:4   | Reached skill level 5 in Earth Magic
 16358 | Lair:4   | Killed a catoblepas
 16469 | Lair:4   | HP: 1/151 [cloud of flame (11)]
 16469 | Lair:4   | Mangled by a death yak

Illustrated notes

Levels and vault maps discovered:
D:1:      onia_arrival_handbag, layout_loops_ring, minmay_small_reverse_x
D:2:      layout_basic, shapermc_ecumenical_altar_rom_forum, nrook_uturn,
          minmay_misc_feat_ornament, nicolae_underground_beach
D:3:      layout_basic, mainiacjoe_overflow_alcove_2, kennysheep_nondescript
D:4:      layout_layer_cave, lemuel_round_altar, mainiacjoe_overflow_two_lobes,
          grunt_temple_overflow_open
D:5:      layout_rooms
D:6:      layout_rooms, temple_green
D:7:      layout_basic, serial_shops, kennysheep_mini_moat, patterned_corridor
D:8:      layout_layer_cave, mainiacjoe_overflow_large_starburst,
          david_lair_generic, serial_bayou_pond_b, amethyst_killhole,
          hangedman_misty_isle
Lair:1:   beast_lair_carwin_large_3, layout_loops_ring,
          ebering_ghost_inner_flame
Lair:2:   layout_long_grid, elwin_shoals_entry_rocks,
          nicolae_spider_entry_non_spiders, serial_bayou_pond_a,
          grunt_forest_small_clearings, serial_bayou_lagoon_b, uniq_nergalle,
          uniq_gastronok, uniq_harold
Lair:3:   layout_gridlike, roderic_batcave, lemuel_fruit_fields,
          grunt_megastairs_3
Lair:4:   layout_cave_pods, ebering_ghost_funeral_grove,
          small_statue_intersection, nicolae_lair_yak_garden

Skill      XL: |  1  2  3  4  5  6  7  8  9 10 11 12 13 |
---------------+----------------------------------------+-----
Spellcasting   | 3 4 5 8 10 | 10.0
Poison Magic   | 2 |  2.0
Conjurations   | 5 8 10 | 10.0
Evocations     | 4 5 6 8 9 |  9.6
Fighting       | 4 5 6 8 9 |  9.5
Staves         | 4 5 6 8 9 |  9.6
Earth Magic    | 2 5 |  5.0
Dodging        | |  2.0
Stealth        | |  2.0

Action                   |  1- 3 |  4- 6 |  7- 9 | 10-12 | 13-15 || total
-------------------------+-------+-------+-------+-------+-------++-------
Melee: Dagger            |     6 |    11 |       |       |       ||    17
       Staff             |       |       |    16 |    45 |    32 ||    93
 Cast: Magic Dart        |    16 |       |       |       |       ||    16
       Searing Ray       |    21 |    37 |    64 |    47 |     9 ||   178
       Sting             |       |    13 |     6 |    10 |       ||    29
       Iskenderun's Myst |       |       |     7 |    21 |    31 ||    59
       Stone Arrow       |       |       |       |    88 |    15 ||   103
Invok: Call Merchant     |       |       |     1 |     1 |       ||     2
Evoke: Wand              |       |       |    18 |    39 |    10 ||    67
  Use: Scroll            |       |     7 |    10 |     6 |     1 ||    24
       Potion            |       |       |     3 |     3 |     5 ||    11
Armor: Robe              |     5 |    12 |     9 |    32 |    20 ||    78
       Skin              |       |       |       |       |     5 ||     5
Dodge: Dodged            |    11 |    27 |    84 |   129 |    77 ||   328

Table legend: (Time is in decaauts)
 A = Elapsed time spent in this place.
 B = Non-inter-level travel time spent in this place.
 C = Inter-level travel time spent in this place.
 D = Time resting spent in this place.
 E = Time spent auto-exploring this place.
 F = Levels seen in this place.
 G = Mean time per level.
                   A        B        C        D        E       F      G
               +--------+--------+--------+--------+--------+-----+--------+
         Total |  16500 |  15857 |    643 |   3970 |   8719 |  12 | 1375.0 |
       Dungeon |  10862 |  10457 |    405 |   2622 |   5816 |   8 | 1357.8 |
          Lair |   5637 |   5400 |    237 |   1348 |   2902 |   4 | 1409.2 |
               +--------+--------+--------+--------+--------+-----+--------+

Top non-repeatable levels by time:
     D:8: 2090 daAuts
  Lair:1: 2082 daAuts
     D:7: 1840 daAuts
     D:4: 1746 daAuts
  Lair:2: 1573 daAuts
     D:1: 1349 daAuts
  Lair:3: 1164 daAuts
     D:2: 1117 daAuts
     D:3: 1094 daAuts
     D:6: 928 daAuts
  Lair:4: 817 daAuts
     D:5: 695 daAuts
